 Dungeon Crawl Stone Soup version 0.25-a0-890-g62861fb195 (webtiles) character file.

Game seed: 8625102255439487337, levelgen mode: deterministic

2300 Hasart the Frost Mage (level 9, -1/45 HPs)
             Began as a Deep Elf Ice Elementalist on May 2, 2020.
             Was a Priest of Sif Muna.
             Killed from afar by an electric eel (8 damage)
             ... with a bolt of electricity
             ... on level 6 of the Dungeon.
             The game lasted 00:18:01 (6469 turns).

Hasart the Frost Mage (Deep Elf Ice Elementalist)   Turns: 6469, Time: 00:18:01

Health: -1/45      AC:  7    Str:  5    XL:     9   Next: 17%
Magic:  23/30      EV: 16    Int: 24    God:    Sif Muna [***...]
Gold:   236        SH:  0    Dex: 15    Spells: 10/22 levels left

rFire    . . .     SeeInvis .   B - +5 flail (freeze)
rCold    . . .     Gourm    .   (no shield)
rNeg     . . .     Faith    .   a - +0 robe
rPois    .         Spirit   .   (no helmet)
rElec    .         Reflect  .   (no cloak)
rCorr    .         Harm     .   (no gloves)
MR       .....                  (no boots)
Stlth    ++........             (no amulet)
HPRegen  0.15/turn              l - +5 ring of protection
MPRegen  0.22/turn              y - ring of magical power

@: no status effects
A: no striking features
a: Channel Magic, Forget Spell, Renounce Religion


You were on level 6 of the Dungeon.
You worshipped Sif Muna.
Sif Muna was most pleased with you.
You were not hungry.

You visited 1 branch of the dungeon, and saw 6 of its levels.
You also visited: Ossuary.

You collected 236 gold pieces.

Inventory:

Hand Weapons
 q - a +2 rapier of venom
 B - a +5 flail of freezing (weapon)
Armour
 a - a +0 robe (worn)
Jewellery
 l - a +5 ring of protection (left hand)
 s - an uncursed ring of protection from fire
 y - a ring of magical power (right hand)
 A - an uncursed ring of poison resistance
Wands
 u - a wand of random effects (15)
Scrolls
 b - 4 scrolls of enchant weapon {unknown}
 e - 8 scrolls of remove curse {unknown}
 f - 3 scrolls of immolation {unknown}
 k - 6 scrolls of identify {unknown}
 m - 3 scrolls of teleportation {unknown}
 n - 2 scrolls of enchant armour {unknown}
 p - a scroll of blinking {unknown}
 t - a scroll of random uselessness {unknown}
 x - a scroll of noise {unknown}
 C - a scroll of magic mapping {unknown}
Potions
 d - a potion of might {unknown}
 g - 2 potions of heal wounds {unknown}
 h - a potion of magic {unknown}
 i - 5 potions of curing {unknown}
 j - a potion of ambrosia {unknown}
 o - a potion of flight {unknown}
 r - a potion of cancellation {unknown}
 v - 2 potions of brilliance {unknown}
 w - 3 potions of stabbing {unknown}
 z - a potion of lignification {unknown}
Comestibles
 c - 11 rations


   Skills:
 + Level 6.5 Dodging
 - Level 2.4 Stealth
 + Level 7.2 Spellcasting
 + Level 4.8 Conjurations
 + Level 3.6 Summonings
 * Level 9.0 Ice Magic
 + Level 3.7 Invocations


You had 10 spell levels left.
You knew the following spells:

 Your Spells              Type           Power        Failure   Level  Hunger
a - Freeze                Ice            ####         1%          1    None
b - Frozen Ramparts       Ice            ######       1%          3    None
c - Hailstorm             Conj/Ice       #####...     4%          4    ###....
d - Summon Ice Beast      Ice/Summ       #####...     4%          4    ###....

Your spell library contained the following spells:

 Spells                   Type           Power        Failure   Level  Hunger
 Ozocubu's Armour         Chrm/Ice       ####....     3%          3    None
 Animate Skeleton         Necr           N/A          7%          1    None
 Pain                     Necr           #...         7%          1    None
 Vampiric Draining        Necr           #.........   22%         3    None
 Animate Dead             Necr           N/A          56%         4    ###....
 Agony                    Necr           #.......     89%         5    #####..


Dungeon Overview and Level Annotations

Branches:
Dungeon (6/15)             Temple (0/1) D:4         Ossuary (visited)

Altars:
Fedhas
Hepliaklqana
Makhleb
Nemelex Xobeh
Qazlal
Ru
Sif Muna
Trog


Message History

The bolt of electricity hits the plant.
The bolt of electricity hits your ice beast!
The bolt of electricity hits you.
Unknown command.
The electric eel shoots out a bolt of lightning at you!
The bolt of electricity hits the plant.
The bolt of electricity hits your ice beast.
The bolt of electricity hits you!
The electric eel shoots out a bolt of lightning at you!
The bolt of electricity hits the electric eel.
The electric eel completely resists.
The bolt of electricity hits the plant!
The bolt of electricity hits your ice beast!
The bolt of electricity hits you!
* * * LOW HITPOINT WARNING * * *
The electric eel shoots out a bolt of lightning at you!
The bolt of electricity hits the plant.
The bolt of electricity hits your ice beast!
Your ice beast dies!
The bolt of electricity hits you!
You die...

#.###.###..# ######..
#.+.....+..# ##. #.###.###..#
. #...#.#....# #...#+#....#
####### #..).......#
###..≈≈≈## ###.########
#####≈..####≈## #.# ##..≈≈≈##+
##.# #.# #.@##### #.# #.#
###'..##.....#.# ##'##########
....#≈P..P#.#
#.....##....#.....#≈P≈.!#≈#
#.....##.##.#.≈.PP#$≈..(#≈#
#.....##.##.#≈PPY.#≈;.≈≈#≈#
#.....##.##.#??;!.##≈≈≈##≈#
####.....##.##.#≈;?;≈######÷##
.........##.##.##≈≈≈##≈≈...##


You could see 3 electric eels and a friendly ice beast.

Vanquished Creatures
  A hydra (D:6)
  Eustachio (D:4)
  Menkaure (Ossuary)
  A black bear (D:6)
  2 ice beasts (D:5)
  2 ogres
  A centaur (D:5)
  A bullfrog (D:6)
  A scorpion (D:5)
  A howler monkey (D:4)
  4 crimson imps
  3 orc priests (D:4)
  2 bullfrog skeletons
  A centaur skeleton (D:4)
  2 iguanas
  2 worker ants (D:5)
  2 mummies (Ossuary)
  3 gnolls (D:4)
  9 adders
  A shadow imp (D:5)
  An ooze (D:5)
  A worm (D:2)
  3 dart slugs
  5 leopard geckos
  8 orcs
  6 bats
  7 giant cockroaches
  9 goblins
  7 hobgoblins
  15 jackals
  10 kobolds
  3 quokkas
  3 ball pythons
  5 frilled lizards
  A giant cockroach zombie (D:5)
  5 gnoll skeletons (Ossuary)
  11 gnoll zombies (Ossuary)
  4 goblin skeletons (Ossuary)
  2 goblin zombies (Ossuary)
  4 hobgoblin skeletons (Ossuary)
  2 hobgoblin zombies (Ossuary)
  A jackal zombie (D:3)
  4 kobold skeletons (Ossuary)
  3 kobold zombies (Ossuary)
  A leopard gecko skeleton (D:4)
  2 orc skeletons (Ossuary)
  4 orc zombies (Ossuary)
  9 rats
  4 rat skeletons (Ossuary)
  2 rat zombies (Ossuary)
183 creatures vanquished.

Vanquished Creatures (collateral kills)
  An ice beast (D:4)
  A centaur (D:5)
  3 wights (D:6)
  A mummy (Ossuary)
  A giant cockroach (D:5)
7 creatures vanquished.

Vanquished Creatures (others)
  2 hobgoblin skeletons (Ossuary)
  A kobold zombie (Ossuary)
3 creatures vanquished.

Grand Total: 193 creatures vanquished

Notes
Turn   | Place    | Note
-------+----------+-------------------------------------------
     0 | D:1      | Hasart the Deep Elf Ice Elementalist began the quest for
                  | the Orb.
     0 | D:1      | Reached XP level 1. HP: 10/10 MP: 6/6
   279 | D:1      | Reached XP level 2. HP: 14/15 MP: 6/8
  1160 | D:2      | Reached skill level 5 in Ice Magic
  1212 | D:2      | Reached XP level 3. HP: 19/19 MP: 8/10
  1217 | D:2      | Learned a level 3 spell: Frozen Ramparts
  1662 | D:2      | Reached XP level 4. HP: 24/24 MP: 6/11
  1945 | D:2      | Learned a level 4 spell: Hailstorm
  2189 | D:3      | Reached skill level 1 in Conjurations
  2190 | D:3      | Reached XP level 5. HP: 28/28 MP: 7/13
  2428 | D:3      | Found a bloodstained altar of Trog.
  2439 | D:3      | Found a hazy altar of Hepliaklqana.
  2439 | D:3      | Found a stormy altar of Qazlal.
  2513 | D:3      | Found a sparkling altar of Nemelex Xobeh.
  2649 | D:4      | Reached skill level 6 in Ice Magic
  2786 | D:4      | Found a shimmering blue altar of Sif Muna.
  2840 | D:4      | Became a worshipper of Sif Muna the Loreminder
  2941 | D:4      | Noticed an ogre
  2949 | D:4      | Killed an ogre
  2949 | D:4      | Reached XP level 6. HP: 32/32 MP: 9/15
  3047 | D:4      | Noticed Eustachio
  3065 | D:4      | Killed Eustachio
  3065 | D:4      | Reached skill level 5 in Spellcasting
  3269 | D:4      | Found a staircase to the Ecumenical Temple.
  3310 | D:4      | Found a blossoming altar of Fedhas.
  3321 | D:4      | Reached XP level 7. HP: 17/36 MP: 12/17
  3526 | D:4      | Reached skill level 7 in Ice Magic
  3725 | D:4      | Reached skill level 1 in Invocations
  3824 | D:5      | Entered Level 5 of the Dungeon
  3832 | D:4      | Learned a level 4 spell: Summon Ice Beast
  4002 | D:5      | Reached skill level 5 in Dodging
  4079 | D:5      | Reached skill level 1 in Summonings
  4120 | D:5      | Reached * piety under Sif Muna
  4392 | D:5      | Reached XP level 8. HP: 41/41 MP: 14/19
  4634 | D:5      | Reached skill level 8 in Ice Magic
  4924 | D:6      | Found a sacrificial altar of Ru.
  4924 | D:6      | Found a burning altar of Makhleb.
  4968 | D:6      | Found a sand-covered staircase.
  4974 | Ossuary  | Entered an ossuary
  5005 | Ossuary  | Reached ** piety under Sif Muna
  5492 | Ossuary  | Reached *** piety under Sif Muna
  5546 | Ossuary  | Noticed Menkaure
  5561 | Ossuary  | Killed Menkaure
  6335 | D:6      | Noticed a six-headed hydra
  6344 | D:6      | Killed a six-headed hydra
  6344 | D:6      | Reached skill level 9 in Ice Magic
  6344 | D:6      | Reached XP level 9. HP: 36/45 MP: 7/21
  6469 | D:6      | Killed from afar by an electric eel

Levels and vault maps discovered:
D:1:      dpeg_arrival_morbid_curiosity, layout_loops_ring
D:2:      layout_basic
D:3:      layout_rooms, nemelex_altar_shiori,
          gammafunk_temple_overflow_elements, nicolae_overflow_crystal_walls
D:4:      layout_cave_pools, lemuel_blue_sif_altar, kennysheep_mini_moat,
          minmay_temple_entry_waves, uniq_eustachio
D:5:      layout_rooms, first_ration, kennysheep_generic_room_12
D:6:      cheibrodos_two_vegetables, layout_basic,
          gammafunk_temple_overflow_wave, nicolae_ossuary_entry_plus,
          serial_shops, kennysheep_little_box, uniq_grinder

Skill      XL: |  1  2  3  4  5  6  7  8 |
---------------+-------------------------+-----
Ice Magic      | 5 6 7 9 |  9.0
Dodging        | 3 4 5 6 |  6.5
Spellcasting   | 4 5 6 7 |  7.2
Conjurations   | 1 2 3 4 |  4.8
Invocations    | 2 3 |  3.7
Summonings     | 1 3 |  3.6
Stealth        | |  2.4

Action                   |  1- 3 |  4- 6 |  7- 9 || total
-------------------------+-------+-------+-------++-------
Melee: Unarmed           |     1 |       |       ||     1
       Mace              |     6 |    22 |       ||    28
       Rapier            |       |     9 |   271 ||   280
       Flail             |       |       |    15 ||    15
 Cast: Freeze            |    61 |    38 |    10 ||   109
       Frozen Ramparts   |       |    10 |    14 ||    24
       Summon Ice Beast  |       |       |    12 ||    12
       Hailstorm         |       |       |     4 ||     4
 Stab: Sleeping          |     2 |       |     4 ||     6
       Distracted        |       |       |     2 ||     2
  Eat: Chunk             |     2 |     6 |     9 ||    17
       Ration            |       |       |     1 ||     1
Armor: Robe              |    11 |    20 |    78 ||   109
Dodge: Dodged            |    40 |    53 |   241 ||   334

Table legend:
 A = Non-vault XP
 B = Vault XP
 C = Vault XP percentage of total XP
 D = Non-vault monster count
 E = Vault monster count
 F = Vault count percentage of total count
                 A         B        C        D         E       F
            +---------+---------+-------+---------+---------+-------
      Total |    1921 |    1366 |  41.6 |     130 |      56 |  30.1
            +---------+---------+-------+---------+---------+-------
        D:1 |      25 |      10 |  28.6 |      15 |       5 |  25.0
        D:2 |      75 |       0 |   0.0 |      27 |       0 |   0.0
        D:3 |     110 |       0 |   0.0 |      25 |       0 |   0.0
        D:4 |     613 |     191 |  23.8 |      26 |       1 |   3.7
        D:5 |     770 |       0 |   0.0 |      22 |       0 |   0.0
        D:6 |     328 |     927 |  73.9 |      15 |       3 |  16.7
    Ossuary |       0 |     238 | 100.0 |       0 |      47 | 100.0
            +---------+---------+-------+---------+---------+-------
